 Dungeon Crawl Stone Soup version 0.26-a0-466-g989023bd0d (webtiles) character file.

Game seed: 9826435677202781596

6 Goblin1989 the Sneak (level 1, -4/18 HPs)
             Began as a Demonspawn Delver on Aug 6, 2020.
             Slain by an ice beast (6 damage)
             ... on level 5 of the Dungeon.
             The game lasted 00:01:16 (235 turns).

Goblin1989 the Sneak (Demonspawn Delver)             Turns: 235, Time: 00:01:17

Health: -4/18      AC:  3    Str: 12    XL:     1   Next: 75%
Magic:  1/1        EV: 12    Int: 11    God:
Gold:   14         SH:  0    Dex: 14    Spells: 0/0 levels left

rFire    . . .     SeeInvis .   a - +0 hand axe
rCold    . . .     Faith    .   (no shield)
rNeg     . . .     Spirit   .   b - +0 leather armour
rPois    .         Reflect  .   (no helmet)
rElec    .         Harm     .   (no cloak)
rCorr    .                      (no gloves)
MR       .....                  (no boots)
Stlth    ++........             (no amulet)
HPRegen  0.06/turn              (no ring)
MPRegen  0.07/turn              (no ring)

@: no status effects
A: no striking features
a: no special abilities


You were on level 5 of the Dungeon.
You visited 1 branch of the dungeon, and saw 1 of its levels.

You collected 14 gold pieces.

Inventory:

Hand Weapons
 a - a +0 hand axe (weapon)
Armour
 b - a +0 leather armour (worn)
Wands
 g - a wand of digging (3) {@v1}
Scrolls
 c - a scroll of fog
 e - a scroll of fear
 M - a scroll of magic mapping
Potions
 f - a potion of haste {@q3,}
 N - a potion of lignification {unknown}
 O - a potion of berserk rage {unknown}


   Skills:
 + Level 3.1 Fighting
 * Level 2.1 Axes
 + Level 1.9 Dodging
 - Level 4.5 Stealth


You couldn't memorise any spells.
You didn't know any spells.
Your spell library was empty.

Dungeon Overview and Level Annotations

Branches:
Dungeon (5/15)
 Temple: D:4-7

Altars:
Vehumet

Annotations:
D:5 exclusion: statue


Message History

You become a deep elf elementalist!
Welcome, Goblin1989 the Demonspawn Delver.
Will you prevail where others failed? Will you find the Orb of Zot?
Press ? for a list of commands and other information.
Found an emerald potion.
Found a stone staircase leading down.
Found 21 bolts. 2 orcs come into view.
You see here an emerald potion.
N - an emerald potion An orc comes into view.
Found a brown potion.
The orc shouts! x2
The orc closely misses you.
The orc shouts!
You hit the orc.
The orc is heavily wounded.
You hit the orc but do no damage. The orc hits you with a +0 whip.
The orc barely misses you.
You take 5 damage, and have 13/18 hp.
MASSIVE DAMAGE!!
You barely miss the orc.
The orc is heavily wounded.
You hit the orc. The orc hits you but does no damage.
The orc barely misses you.
You barely miss the orc.
The orc is heavily wounded.
You completely miss the orc. The orc barely misses you.
The orc hits you but does no damage.
You closely miss the orc.
The orc is heavily wounded.
You hit the orc but do no damage. The orc hits you but does no damage.
You hit the orc.
You kill the orc!
You hit the orc. The orc closely misses you. The orc barely misses you.
You closely miss the orc. You hit the orc but do no damage.
The orc barely misses you. The orc hits you with a +0 dagger.
The orc closely misses you.
You take 4 damage, and have 9/18 hp.
MASSIVE DAMAGE!!
You slash the orc!
You kill the orc!
Your Axes skill increases to level 2!
You barely miss the orc. The orc barely misses you.
Unknown command.
You closely miss the orc.
The orc is heavily wounded.
The orc barely misses you.
You hit the orc.
You kill the orc!
O - a brown potion You start resting.
HP restored.
Health restored: 18
Items here: )) ††.
A frost-covered statue comes into view.
Marking area around a statue as unsafe for travelling.
Found a radiant altar of Vehumet.
Unknown command.
You see here 21 bolts.
You see here an orc corpse.
You now have 14 gold pieces.
Found a short sword.
Found 14 stones.
An ice beast comes into view.
Found a scroll labeled TUTTAGOLET.
An ogre comes into view. It is wielding a +0 giant club.
The helpless ice beast fails to defend itself.
You slash the ice beast!
The ice beast is moderately wounded.
The ice beast barely misses you.
The ice beast hits you but does no damage.
You hit the ice beast but do no damage.
The ice beast is moderately wounded.
The ice beast hits you. The ice beast freezes you!
You take 8 damage, and have 10/18 hp.
MASSIVE DAMAGE!!
You are too injured to fight recklessly!
You hit the ice beast but do no damage.
The ice beast is moderately wounded.
The ice beast barely misses you.
You hit the ice beast.
The ice beast is moderately wounded.
The ice beast barely misses you.
You closely miss the ice beast.
The ice beast is moderately wounded.
The ice beast hits you. The ice beast freezes you.
* * * LOW HITPOINT WARNING * * *
You take 6 damage, and have 4/18 hp.
MASSIVE DAMAGE!!
You completely miss the ice beast.
The ice beast is moderately wounded.
The ice beast misses you.
The ice beast hits you but does no damage.
The ogre shouts!
The ice beast barely misses you.
You see here a short sword.
You hit the ice beast but do no damage.
The ice beast is moderately wounded.
The ice beast hits you.
* * * LOW HITPOINT WARNING * * *
The ice beast freezes you.
You die...

█.██.█ █
██████.██.███.█████
....................
██████.████.██.█████
█. █.█ █ █. █.██ █.
█..█.█ .. ██Y█.█
████████@█.█
...........█
████████.█.█
.........█.█
████████...█


████ █...█ █..█ █...███..█ █..>.....█ ██████........█ You could see an ice
beast.

Vanquished Creatures
  3 orcs (D:5)
3 creatures vanquished.

Notes
Turn   | Place    | Note
-------+----------+-------------------------------------------
     0 | D:5      | Goblin1989 the Demonspawn Delver began the quest for the
                  | Orb.
     0 | D:5      | Reached XP level 1. HP: 18/18 MP: 1/1
   159 | D:5      | Found a radiant altar of Vehumet.
   159 | D:5      | Noticed a frost-covered statue
   203 | D:5      | Noticed an ice beast
   204 | D:5      | Noticed an ogre
   235 | D:5      | Slain by an ice beast

Illustrated notes

Levels and vault maps discovered:
D:5:      layout_basic, grunt_temple_overflow_cloverleaf, vehumet_statue,
          kennysheep_mini, nicolae_qazlal_eye_of_the_storm, uniq_blork_the_orc

Skill      XL: |  1 |
---------------+----+-----
Axes           | 2 |  2.1
Fighting       | |  3.1
Dodging        | |  1.9
Stealth        | |  4.5

Action                   || total
-------------------------++-------
Melee: Hand axe          ||    16
 Stab: Sleeping          ||     1
Armor: Leather armour    ||     4
Dodge: Dodged            ||    15

Table legend: (Time is in decaauts)
 A = Elapsed time spent in this place.
 B = Non-inter-level travel time spent in this place.
 C = Inter-level travel time spent in this place.
 D = Time resting spent in this place.
 E = Time spent auto-exploring this place.
 F = Levels seen in this place.
 G = Mean time per level.
                   A        B        C        D        E       F      G
               +--------+--------+--------+--------+--------+-----+--------+
         Total |    238 |    238 |      0 |    123 |     52 |   1 |  238.0 |
       Dungeon |    238 |    238 |      0 |    123 |     52 |   1 |  238.0 |
               +--------+--------+--------+--------+--------+-----+--------+

Top non-repeatable levels by time:
     D:5: 238 daAuts
